 Dungeon Crawl Stone Soup version 0.28.0-45-g0d030f2227 (webtiles) character file.

Game seed: 10821877239152132274

1 MalarOregon the Grasshopper (level 1, -2/17 HPs)
             Began as a Palentonga Warper on Apr 19, 2022.
             Slain by a quokka (4 damage)
             ... on level 1 of the Dungeon.
             The game lasted 00:00:44 (93 turns).

MalarOregon the Grasshopper (Palentonga Warper)       Turns: 93, Time: 00:00:44

Health: -2/17      AC:  4    Str: 14    XL:     1   Next: 16%
Magic:  3/3        EV:  9    Int: 13    God:
Gold:   7          SH:  0    Dex:  9    Spells: 4/4 levels left

rFire   . . .      SeeInvis +   a - +0 falchion
rCold   . . .      Faith    .   (no shield)
rNeg    . . .      Spirit   .   b - +0 leather armour
rPois   .          Reflect  .   (no helmet)
rElec   .          Harm     .   (no cloak)
rCorr   .          Rampage  .   (no gloves)
Will    .....                   (no barding)
Stlth   +.........              (no amulet)
HPRegen 0.05/turn               (no ring)
MPRegen 0.08/turn               (no ring)

@: no status effects
A: large, rugged brown scales 3, see invisible, deformed body, roll 1, armoured
tail
a: Rolling Charge


You were on level 1 of the Dungeon.
You visited 1 branch of the dungeon, and saw 1 of its levels.

You collected 7 gold pieces.


Innate Abilities, Weirdness & Mutations

You are completely covered in rugged brown scales. (AC +3, +7% HP)
You have supernaturally acute eyesight. (SInv)
Armour fits poorly on your strangely shaped body.
You can roll at nearby foes to attack.
You have a long armoured tail.


   Skills:
 + Level 2.0 Fighting
 - Level 2.0 Long Blades
 + Level 0.6 Throwing
 + Level 0.7 Armour
 + Level 1.5 Dodging
 + Level 2.0 Spellcasting
 + Level 3.0 Translocations


You had 4 spell levels left.
You didn't know any spells.
Your spell library contained the following spells:

 Spells                   Type           Power      Damage    Failure   Level
 Blink                    Tloc           18%        N/A       14%         2
 Gell's Gravitas          Tloc           9%         N/A       28%         3
 Lesser Beckoning         Tloc           9%         N/A       28%         3
 Teleport Other           Tloc           9%         N/A       28%         3
 Manifold Assault         Tloc           9%         N/A       95%         5

Inventory:

Hand Weapons
 a - a +0 falchion (weapon)
Missiles
 d - 5 boomerangs of dispersal (quivered) {!f}
Armour
 b - a +0 leather armour (worn)
Jewellery
 f - a ring of ice
   (You found it on level 1 of the Dungeon)
Scrolls
 c - a scroll of blinking

Dungeon Overview and Level Annotations

Branches:
Dungeon (1/15)

Altars:

########## ##
..>......##### ..
#####........ ..
####.#.##### #(
#......#####
##.######.###......#
#.........###.......
#.##..#####...........#
#....r@...............#
#.#..#######...........
#. #...♣......# >.
#....8.....# ##
#..........#
#...........
#.....<.....
............#
.###....###..


You could see a quokka.


Message History

🤖 Initializing magus.rc ... ✅ Successfully initialized magus.rc [v1.9.6] Welcome, MalarOregon the Palentonga Warper.
You feel drawn to the Orb of Zot, downwards into the unfathomable depths...
Press ? for a list of commands and other information.
Found 7 gold pieces and a small peridot ring.
Found a staircase leading out of the dungeon.
Found a scroll labelled NOSIAKU KUDUK.
You now have 7 gold pieces.
e - a scroll labelled NOSIAKU KUDUK
Found a faded altar of an unknown god.
f - a ring of ice
Okay, then.
Okay, then.
Okay, then.
As you read the scroll labelled NOSIAKU KUDUK, it crumbles to dust.
It is a scroll of identify.
You don't have any unidentified items.
A ball python comes into view.
You hit the ball python.
You kill the ball python!
No target in view!
Found 27 stones.
Key pressed, stopping explore.
Found a stone staircase leading down.
A quokka comes into view.
A quokka is nearby!
Found 14 bolts.
Found a stone staircase leading down.
The quokka closely misses you.
You barely miss the quokka.
You tail-slap the quokka, but do no damage.
The quokka misses you. The quokka closely misses you.
You miss the quokka.
The quokka bites you but does no damage.
You barely miss the quokka. The quokka barely misses you. The quokka bites you.
You closely miss the quokka. The quokka bites you.
You hit the quokka but do no damage. The quokka misses you.
The quokka bites you.
You closely miss the quokka. The quokka bites you.
* * * LOW HITPOINT WARNING * * *
You closely miss the quokka. The quokka bites you.
* * * LOW HITPOINT WARNING * * *
The quokka bites you but does no damage.
You completely miss the quokka.
Your tail-slap misses the quokka.
Your punch misses the quokka. The quokka bites you.
* * * LOW HITPOINT WARNING * * *
You hit the quokka but do no damage. The quokka barely misses you.
The quokka bites you.
You die...

Action                   || total
-------------------------++-------
Melee: Falchion          ||    10
       Tailslap          ||     1
  Use: Scroll            ||     1
Armor: Leather armour    ||     2
Dodge: Dodged            ||     6

Levels and vault maps discovered:
D:1:      wander_arrival_peaceful_grave, layout_loops_ring, serial_bayou,
          serial_bayou_pond_e, serial_bayou_crossing, serial_bayou_lagoon_a,
          serial_bayou_pond_a, serial_shops, shop_fountains,
          ebering_ecumenical_altar_mist, minivault_5, minivault_14,
          item_on_display_a

Notes
Turn   | Place    | Note
-------+----------+-------------------------------------------
     0 | D:1      | MalarOregon the Palentonga Warper began the quest for the
                  | Orb.
     0 | D:1      | Reached XP level 1. HP: 17/17 MP: 3/3
    16 | D:1      | Found a faded altar of an unknown god.
    91 | D:1      | HP: 4/17 [quokka (3)]
    93 | D:1      | Slain by a quokka

Vanquished Creatures
  A ball python (D:1)
1 creature vanquished.

Table legend:
 A = Non-vault XP
 B = Vault XP
 C = Vault XP percentage of total XP
 D = Non-vault monster count
 E = Vault monster count
 F = Vault count percentage of total count
                 A         B        C        D         E       F
            +---------+---------+-------+---------+---------+-------
      Total |       2 |       0 |   0.0 |       1 |       0 |   0.0
            +---------+---------+-------+---------+---------+-------
        D:1 |       2 |       0 |   0.0 |       1 |       0 |   0.0
            +---------+---------+-------+---------+---------+-------

Illustrated notes

Table legend:
 A = Kills in this place as a percentage of kills in entire the game.
 B = Kills by you in this place as a percentage of kills by you in the entire game.
 C = Kills by friends in this place as a percentage of kills by friends in the entire game.
 D = Other kills in this place as a percentage of other kills in the entire game.
 E = Experience gained in this place as a percentage of experience gained in the entire game.
 F = Experience gained in this place divided by the number of levels of this place that you have seen.
                   A       B       C       D       E      F
               +-------+-------+-------+-------+-------+----------------------
         Total | 100.0 | 100.0 |   N/A |   N/A | 100.0 |   2.0
       Dungeon | 100.0 | 100.0 |   N/A |   N/A | 100.0 |   2.0
               +-------+-------+-------+-------+-------+----------------------

Table legend: (Time is in decaauts)
 A = Elapsed time spent in this place.
 B = Non-inter-level travel time spent in this place.
 C = Inter-level travel time spent in this place.
 D = Time resting spent in this place.
 E = Time spent auto-exploring this place.
 F = Levels seen in this place.
 G = Mean time per level.
                   A        B        C        D        E       F      G
               +--------+--------+--------+--------+--------+-----+--------+
         Total |     94 |     94 |      0 |      0 |     69 |   1 |   94.0 |
       Dungeon |     94 |     94 |      0 |      0 |     69 |   1 |   94.0 |
               +--------+--------+--------+--------+--------+-----+--------+

Top non-repeatable levels by time:
     D:1: 94 daAuts
